 Dungeon Crawl Stone Soup version 0.24-a0-613-g1ff6aac338 (webtiles) character file.

Game seed: 4318809235905328355, levelgen mode: deterministic

4456 Arang the Cleaver (level 10, -2/79 HPs)
             Began as a Hill Orc Fighter on Sept 11, 2019.
             Was a Plaything of Xom.
             Killed from afar by Maurice (14 damage)
             ... with a bolt of acid
             ... on level 9 of the Dungeon.
             The game lasted 00:23:23 (9548 turns).

Arang the Cleaver (Hill Orc Fighter)                Turns: 9548, Time: 00:23:24

Health: -2/79      AC: 16    Str: 25    XL:     10   Next: 37%
Magic:  9/9        EV:  5    Int:  8    God:    Xom [...*..]
Gold:   434        SH: 12    Dex: 14    Spells: 9/9 levels left

rFire    . . .     SeeInvis .   a - +0 war axe
rCold    . . .     Gourm    .   c - +0 shield
rNeg     . . .     Faith    .   F - +0 plate armour
rPois    .         Spirit   .   B - +0 helmet
rElec    .         Reflect  .   v - +0 cloak
rCorr    .         Harm     .   p - +0 pair of gloves
MR       .....                  n - +2 pair of boots
Stlth    ..........             (no amulet)
HPRegen  0.23/turn              H - ring of attention
MPRegen  0.11/turn              L - +2 ring of strength

@: corroded, berserk cooldown, slowed, very slow
A: hooves 1, thin skeletal structure 1, agile 1, frail 1, low mp 1, wild magic 1
a: Renounce Religion


You were on level 9 of the Dungeon.
You worshipped Xom.
You were a favourite toy of Xom.
You were not hungry.

You visited 2 branches of the dungeon, and saw 10 of its levels.
You also visited: Ossuary.

You collected 434 gold pieces.

Inventory:

Hand Weapons
 a - a +0 war axe (weapon)
 e - a cursed +2 trident of freezing
 w - a +0 trident
Missiles
 b - 8 datura-tipped darts
 d - 3 throwing nets
 g - 263 stones
 y - 3 boomerangs (quivered)
Armour
 c - a +0 shield (worn)
 n - a +2 pair of boots (worn)
 p - a +0 pair of gloves (worn)
 v - a +0 cloak (worn)
 B - a +0 helmet (worn)
 F - a +0 plate armour (worn)
Jewellery
 m - an uncursed ring of fire
 H - a ring of attention (left hand)
 L - a +2 ring of strength (right hand)
Wands
 t - a wand of flame (37)
Scrolls
 h - 5 scrolls of teleportation
 k - 2 scrolls of holy word
 r - a scroll of fog
 x - 2 scrolls of magic mapping
 D - 2 scrolls of remove curse
Potions
 i - a potion of heal wounds
 l - 2 potions of cancellation
 o - a potion of lignification
 q - 3 potions of degeneration
 u - 2 potions of flight
 z - 7 potions of haste
 E - a potion of brilliance
 G - a potion of berserk rage
 J - 3 potions of curing
 K - 2 potions of agility
Comestibles
 f - 19 rations


   Skills:
 + Level 7.6 Fighting
 + Level 12.8 Axes
 * Level 2.9 Throwing
 + Level 6.9 Armour
 + Level 8.2 Shields


You had 9 spell levels left.
You didn't know any spells.
Your spell library contained the following spells:

 Spells                   Type           Power        Failure   Level  Hunger
 Confusing Touch          Hex            #.....       100%        1    ##.....
 Magic Dart               Conj           #...         100%        1    ##.....
 Searing Ray              Conj           #.....       100%        2    ###....
 Confuse                  Hex            #.......     100%        3    ####...
 Dazzling Spray           Conj/Hex       #.....       100%        3    ####...
 Gell's Gravitas          Tloc           #.........   100%        3    ####...
 Force Lance              Conj/Tloc      #.......     100%        4    #####..
 Fulminant Prism          Conj/Hex       #.........   100%        4    #####..
 Iskenderun's Mystic Bla  Conj           #.......     100%        4    #####..
 Petrify                  Tmut/Erth      #.......     100%        4    #####..
 Metabolic Englaciation   Hex/Ice        #.........   100%        5    ######.
 Yara's Violent Unravell  Hex/Tmut       #.........   100%        5    ######.


Dungeon Overview and Level Annotations

Branches:
Dungeon (9/15)             Temple (1/1) D:7            Lair (0/6) D:8
Ossuary (visited)
    Orc: D:9-12

Altars:
Ashenzari
Cheibriados
Dithmenos
Elyvilon
Fedhas
Gozag
Hepliaklqana
Kikubaaqudgha
Makhleb
Nemelex Xobeh
Okawaru
Qazlal
Ru
Sif Muna
Trog
Uskayaw
Vehumet
Wu Jian
Xom
Yredelemnul
Zin
The Shining One

Annotations:
D:4 exclusion: downstairs, Eustachio
D:7 2 runed translucent doors
D:9 Maurice


Innate Abilities, Weirdness & Mutations

You have large cloven feet.
You have a somewhat thin skeletal structure. (Dex +2, Stealth)
You are agile. (Dex +2)
You are frail. (-10% HP)
Your magical capacity is low. (-10% MP)
Your spells are a little harder to cast, but a little more powerful.


Message History

You barely miss something. Something hits you but does no damage.
You miss something. Something hits you but does no damage.
You miss something.
You hear a zap.
A bolt of acid appears from out of thin air!
The bolt of acid hits you!! The acid corrodes you!
You are splashed with acid!
You hit something but do no damage.
You hear a zap.
A bolt of acid appears from out of thin air!
The bolt of acid hits you! The acid corrodes you!
You are splashed with acid!
* * * LOW HITPOINT WARNING * * *
You hear some strange, mumbled words.
You slash something!
You hear some strange, mumbled words.
Xom is highly amused!
You hit something but do no damage.
You hear a zap.
A bolt of acid appears from out of thin air!
The bolt of acid hits you!
You die...

########..#########..#####
#########..# #..########
...........#########..........
..............................
####..........................
#..############.###########
####..############.########
...........................
#..............{@..).......
#..###############...######
...###############.$.#####
...........................
...........................
.......##########...#######
.......# #...# <......# #...#
.......# #...#


There were no monsters in sight!

Vanquished Creatures
  Prince Ribbit (D:6)
  Edmund (D:6)
  An orc warrior (D:7)
  An ice beast (D:5)
  2 sky beasts (D:5)
  A black bear (D:5)
  4 phantoms
  A necrophage (D:8)
  A centaur (D:8)
  4 ogres
  6 bullfrogs
  2 scorpions (D:4)
  A troll zombie (D:9)
  3 killer bees (D:8)
  A troll skeleton (D:9)
  4 wights
  A howler monkey (D:5)
  4 crimson imps
  3 bullfrog zombies
  3 centaur zombies (Ossuary)
  7 orc priests
  3 hounds
  7 human zombies (D:9)
  Crazy Yiuf (D:5)
  8 orc wizards
  3 bullfrog skeletons
  2 centaur skeletons
  A human skeleton (D:9)
  Jessica (D:3)
  3 iguanas
  Ijyb (D:5)
  2 worker ants
  Natasha (thrice) (D:2)
  2 big kobold zombies (Ossuary)
  A hound zombie (D:9)
  6 mummies
  3 worker ant zombies
  Robin (D:3)
  9 gnolls
  5 adders
  4 worms
  2 dart slugs
  5 leopard geckos
  30 orcs
  11 bats
  5 giant cockroaches
  16 goblins
  11 hobgoblins
  8 jackals
  7 kobolds
  5 quokkas
  A ball python (D:2)
  8 frilled lizards
  A hobgoblin zombie (Ossuary)
  A leopard gecko skeleton (D:4)
  5 rats
234 creatures vanquished.

Vanquished Creatures (others)
  A wizard (D:4)
  A plant (D:8)
2 creatures vanquished.

Grand Total: 236 creatures vanquished

Notes
Turn   | Place    | Note
-------+----------+-------------------------------------------
     0 | D:1      | Arang the Hill Orc Fighter began the quest for the Orb.
     0 | D:1      | Reached XP level 1. HP: 19/19 MP: 1/1
   210 | D:1      | Reached XP level 2. HP: 27/27 MP: 2/2
   478 | D:1      | Reached skill level 3 in Axes
   565 | D:1      | Reached XP level 3. HP: 29/33 MP: 3/3
  1178 | D:2      | Noticed Natasha
  1189 | D:2      | Killed Natasha
  1189 | D:2      | Reached skill level 4 in Axes
  1189 | D:2      | Reached XP level 4. HP: 25/40 MP: 4/4
  1411 | D:2      | Noticed Natasha
  1458 | D:2      | Killed Natasha
  1497 | D:2      | Noticed Natasha
  1514 | D:2      | Killed Natasha
  1514 | D:2      | Reached XP level 5. HP: 22/46 MP: 5/5
  2146 | D:3      | Noticed Robin
  2151 | D:3      | Killed Robin
  2151 | D:3      | Reached skill level 5 in Axes
  2257 | D:3      | Noticed a phantom
  2319 | D:3      | Killed a phantom
  2319 | D:3      | Reached XP level 6. HP: 19/53 MP: 6/6
  2704 | D:3      | Reached skill level 6 in Axes
  2802 | D:3      | Noticed Jessica
  2809 | D:3      | Killed Jessica
  3138 | D:4      | Reached skill level 5 in Shields
  3530 | D:4      | Reached XP level 7. HP: 58/60 MP: 7/7
  3767 | D:4      | Found a bloodstained altar of Trog.
  3769 | D:4      | Noticed a wizard
  3775 | D:4      | Killed a wizard
  3851 | D:5      | Entered Level 5 of the Dungeon
  3873 | D:4      | Reached skill level 7 in Axes
  3879 | D:4      | HP: 2/60 [poisoned by an orc wizard]
  4305 | D:5      | Noticed Eustachio
  4388 | D:5      | Reached skill level 5 in Armour
  4392 | D:5      | Reached skill level 5 in Fighting
  4533 | D:5      | Reached skill level 8 in Axes
  4533 | D:5      | Reached XP level 8. HP: 65/68 MP: 8/8
  4672 | D:5      | Noticed Ijyb
  4681 | D:5      | Killed Ijyb
  4741 | D:5      | Reached skill level 9 in Axes
  5077 | D:5      | Reached skill level 1 in Throwing
  5221 | D:5      | Found a runed translucent door.
  5222 | D:5      | Noticed Crazy Yiuf
  5234 | D:5      | Killed Crazy Yiuf
  5558 | D:6      | Reached skill level 10 in Axes
  5633 | D:6      | Noticed Prince Ribbit
  5819 | D:6      | Reached XP level 9. HP: 67/75 MP: 9/9
  5919 | D:6      | Killed Prince Ribbit
  6208 | D:6      | Noticed Edmund
  6217 | D:6      | Killed Edmund
  6675 | D:6      | Gained mutation: Your magical capacity is low. (-10% MP)
                  | [potion of mutation]
  6675 | D:6      | Gained mutation: You are frail. (-10% HP) [potion of
                  | mutation]
  6675 | D:6      | Gained mutation: You have large cloven feet. [potion of
                  | mutation]
  6675 | D:6      | Gained mutation: Your spells are a little harder to cast,
                  | but a little more powerful. [potion of mutation]
  6704 | D:6      | Reached skill level 11 in Axes
  6970 | D:7      | Found a staircase to the Ecumenical Temple.
  6999 | Temple   | Entered the Ecumenical Temple
  7267 | Temple   | Became a worshipper of Xom of Chaos
  7589 | D:7      | XOM: give mutations
  7589 | D:7      | Gained mutation: You have a somewhat thin skeletal
                  | structure. (Dex +2, Stealth) [Xom's grace]
  7589 | D:7      | Gained mutation: You are agile. (Dex +2) [Xom's grace]
  7599 | D:7      | XOM: scenery: create altars
  7630 | D:7      | Found a sparkling altar of Nemelex Xobeh.
  7667 | D:7      | XOM: fog
  7792 | D:7      | Found a burning altar of Makhleb.
  7805 | D:7      | Found a runed translucent door.
  7807 | D:7      | Found a runed translucent door.
  8027 | D:8      | XOM: polymorph killer bee -> iguana
  8074 | D:8      | Found a sand-covered staircase.
  8079 | Ossuary  | Entered an ossuary
  8226 | Ossuary  | XOM: fake destruction
  8232 | Ossuary  | Reached skill level 12 in Axes
  8263 | Ossuary  | Reached XP level 10. HP: 75/77 MP: 9/9
  8341 | D:8      | XOM: smoke on damage
  8713 | D:8      | Found a staircase to the Lair.
  8821 | D:8      | XOM: god gift: book of Conjurations
  8917 | D:9      | Noticed Maurice
  8929 | D:9      | XOM: smoke on damage
  9100 | D:9      | XOM is BORED!
  9226 | D:9      | Found an ancient bone altar of Kikubaaqudgha.
  9423 | D:9      | XOM: 1-stop teleportation journey
  9548 | D:9      | Killed from afar by Maurice

Levels and vault maps discovered:
D:1:      roderic_lyre, layout_basic, minmay_tromino_v4_b
D:2:      layout_loops_ring, uniq_natasha
D:3:      layout_loops_ring, serial_rivers, chequers_serial_rivers_marsh,
          chequers_serial_rivers_micro_e, chequers_serial_rivers_small_a,
          chequers_serial_rivers_marsh, chequers_serial_rivers_micro_d,
          uniq_jessica, uniq_robin
D:4:      layout_basic, trog_wizard
D:5:      layout_rooms, first_ration, uniq_crazy_yiuf_cottage, uniq_ijyb,
          uniq_eustachio
D:6:      layout_basic, minmay_bent, uniq_prince_ribbit1, uniq_edmund
D:7:      lemuel_insect_pit, layout_cave_pools, lemuel_crystal_altar,
          minmay_temple_entry_slanted, basic_altar, grunt_ogre_cave
D:8:      layout_basic, dpeg_oklobed_lair, nicolae_ossuary_entry_ruins,
          minmay_misc_feat_iff
D:9:      layout_long_grid, basic_altar, lemuel_mausoleum_altar_kikubaaqudgha,
          uniq_maurice
Temple:   regret_index_temple_sigil_plot

Skill      XL: |  1  2  3  4  5  6  7  8  9 10 |
---------------+-------------------------------+-----
Axes           | 3 4 5 6 8 10 12 | 12.8
Shields        | 4 5 6 7 8 |  8.2
Fighting       | 4 5 6 7 |  7.6
Armour         | 4 5 6 |  6.9
Throwing       | 1 2 |  2.9

Action                   |  1- 3 |  4- 6 |  7- 9 | 10-12 || total
-------------------------+-------+-------+-------+-------++-------
Melee: War axe           |   140 |   221 |   447 |   189 ||   997
Throw: Stone             |     3 |       |       |       ||     3
       Boomerang         |       |       |    17 |     2 ||    19
  Use: Potion            |       |       |     7 |     2 ||     9
       Scroll            |       |       |    14 |     5 ||    19
  Eat: Chunk             |     1 |     7 |    17 |     2 ||    27
       Ration            |       |       |       |     1 ||     1
Armor: Scale mail        |    48 |       |       |       ||    48
       Chain mail        |    28 |   110 |     3 |       ||   141
       Plate armour      |       |       |   240 |    74 ||   314
Dodge: Dodged            |    47 |    39 |    65 |    27 ||   178
Block: Shield            |    80 |   106 |   216 |    65 ||   467

Table legend:
 A = Non-vault XP
 B = Vault XP
 C = Vault XP percentage of total XP
 D = Non-vault monster count
 E = Vault monster count
 F = Vault count percentage of total count
                 A         B        C        D         E       F
            +---------+---------+-------+---------+---------+-------
      Total |    4718 |    1649 |  25.9 |     184 |      50 |  21.4
            +---------+---------+-------+---------+---------+-------
        D:1 |      45 |       3 |   6.2 |      24 |       2 |   7.7
        D:2 |     123 |      32 |  20.6 |      23 |       1 |   4.2
        D:3 |     175 |      73 |  29.4 |      19 |      14 |  42.4
        D:4 |     427 |       0 |   0.0 |      18 |       0 |   0.0
        D:5 |    1054 |      73 |   6.5 |      30 |       2 |   6.2
        D:6 |     772 |     534 |  40.9 |      15 |       7 |  31.8
        D:7 |     661 |     118 |  15.1 |      25 |       1 |   3.8
        D:8 |    1147 |       0 |   0.0 |      22 |       0 |   0.0
        D:9 |     272 |     533 |  66.2 |       6 |      12 |  66.7
     Temple |      42 |       0 |   0.0 |       2 |       0 |   0.0
    Ossuary |       0 |     283 | 100.0 |       0 |      11 | 100.0
            +---------+---------+-------+---------+---------+-------
